 Dungeon Crawl Stone Soup version 0.17.1-3-g152610e (webtiles) character file.

499 Heskey the Skirmisher (level 7, -6/46 HPs)
             Began as a Gargoyle Fighter on Mar 21, 2016.
             Was an Initiate of the Shining One.
             Killed by divine providence
             ... invoked by an orc priest
              (14 damage)
             ... on level 5 of the Dungeon.
             The game lasted 00:05:38 (3894 turns).

Heskey the Skirmisher (Gargoyle Fighter)            Turns: 3894, Time: 00:05:38

Health: -6/46      AC: 13    Str: 22    XL:     7   Next: 16%
Magic:  7/7        EV:  7    Int:  8    God:    the Shining One [......]
Gold:   87         SH:  9    Dex:  9    Spells: 0 memorised, 6 levels left

rFire  . . .     SeeInvis .     y - +0 morningstar
rCold  . . .     Clarity  .     b - +0 scale mail
rNeg   + + .     SustAt   .     c - +0 shield
rPois  ∞         Gourm    .     (no helmet)
rElec  +         Spirit   .     n - +0 cloak
rCorr  .         Warding  .     (no gloves)
rMut   .         Stasis   .     (no boots)
MR     .....                    (no amulet)
Stlth  ..........               w - ring of flight
                                g - ring of positive energy

@: not resistant to hostile enchantments, extremely unstealthy
A: negative energy resistance 1, electricity resistance, unbreathing,
petrification resistance, rot immunity, AC +4
a: Renounce Religion, Evoke Flight


You were on level 5 of the Dungeon.
You worshipped the Shining One.
The Shining One was noncommittal.
You were not hungry.

You visited 1 branch of the dungeon, and saw 5 of its levels.

You collected 187 gold pieces.
You spent 100 gold pieces at shops.

Inventory:

Hand Weapons
 y - a +0 morningstar (weapon)
Armour
 b - a +0 scale mail (worn)
 c - a +0 shield (worn)
 n - a +0 cloak (worn)
Jewellery
 g - a ring of positive energy (left hand)
 w - a ring of flight (right hand)
Wands
 p - a wand of frost (31)
Scrolls
 j - 4 scrolls of identify {unknown}
 k - a scroll of amnesia {unknown}
 l - a scroll of fear {unknown}
 q - a scroll of immolation {unknown}
 s - 2 scrolls of teleportation {unknown}
 t - 2 scrolls of remove curse {unknown}
 u - 3 scrolls of recharging {unknown}
 v - a scroll of noise {unknown}
Potions
 a - a potion of magic {unknown}
 d - 2 potions of might
 h - a potion of degeneration {unknown}
 i - a potion of agility {unknown}
 o - a potion of haste {unknown}
 r - a potion of poison {unknown}
 x - 3 potions of heal wounds
Books
 A - a book of the Dragon

   Spells                             Type                      Level
   a - Flame Tongue                   Conjuration/Fire             1
   b - Cause Fear                     Hexes                        4
   c - Bolt of Fire                   Conjuration/Fire             6
   d - Dragon Form                    Transmutation                7
   e - Dragon's Call                  Summoning                    9
Comestibles
 e - 2 bread rations
 f - 2 meat rations
 m - 2 beef jerkies
 z - a chunk of flesh
 B - a slice of pizza


   Skills:
 * Level 6.1 Fighting
 + Level 3.7 Maces & Flails
 + Level 4.8 Armour
 + Level 4.7 Shields


You had 6 spell levels left.
You didn't know any spells.

Dungeon Overview and Level Annotations

Branches:
Dungeon (5/15)
 Temple: D:4-7

Altars:
Ashenzari
Fedhas
Yredelemnul
The Shining One

Shops:
D:4 !


Innate Abilities, Weirdness & Mutations

You are resistant to torment.
Your stone body is resilient (AC +4).
You are immune to poison.
You resist negative energy.
You are resistant to electric shocks.
You can survive without breathing.
You are immune to petrification.
You are immune to rotting.


Message History

A magic dart appears from out of thin air!
The magic dart hits you!
You puncture something! Something hits you but does no damage.
You hear some strange, mumbled words.
A puff of flame appears from out of thin air!
The puff of flame hits you!
The orc priest calls down the wrath of Beogh upon you.
Something smites you!
You closely miss something. Something hits you but does no damage.
Something hits you.
You hear some strange, mumbled words.
A puff of flame appears from out of thin air!
The puff of flame hits you!
* * * LOW HITPOINT WARNING * * *
You hit something.
Reactivating autopickup.
You feel a bit more experienced.
The orc priest calls down the wrath of Beogh upon you.
Something smites you!
You die...

...####.#'#.###.#
.. #.#.#.# #.# .
#.#.#.# #.#
#.#.#.# #.#
#.#.#.###.#
#.#.#...#.#
#.#.###.#.#
#.......#.#
###@#####.# #)#
#.# #o# #.# #o#
#.# # #o# #.# #
#.# #(####### #
#.# #.......# #
#.# #######.# #
#.# #


You could see an orc priest and 2 orcs.

Vanquished Creatures
  An ice beast (D:5)
  A scorpion (D:4)
  3 worker ants
  Jessica (D:2)
  3 orc wizards
  A hound skeleton (D:4)
  6 adders
  3 oozes
  3 worms (D:2)
  19 orcs
  A bat (D:2)
  9 goblins
  13 hobgoblins
  11 kobolds
  A quokka (D:4)
  A giant cockroach (D:3)
  A giant gecko (D:3)
  9 giant newts
  A quokka skeleton (D:4)
  8 rats
96 creatures vanquished.

Notes
Turn   | Place    | Note
--------------------------------------------------------------
     0 | D:1      | Heskey the Gargoyle Fighter began the quest for the Orb.
     0 | D:1      | Reached XP level 1. HP: 14/14 MP: 1/1
   113 | D:1      | Reached XP level 2. HP: 19/19 MP: 2/2
   381 | D:1      | Reached XP level 3. HP: 24/24 MP: 3/3
  1021 | D:2      | Reached skill level 4 in Fighting
  1336 | D:2      | Reached XP level 4. HP: 24/29 MP: 4/4
  1464 | D:2      | Found a glowing golden altar of the Shining One.
  1473 | D:2      | Found a basalt altar of Yredelemnul.
  1475 | D:2      | Noticed a profane servitor
  1514 | D:2      | Noticed an angel
  1549 | D:2      | Became a worshipper of the Shining One
  1580 | D:2      | Noticed Jessica
  1602 | D:2      | Killed Jessica
  1934 | D:3      | Reached XP level 5. HP: 34/34 MP: 5/5
  2463 | D:3      | Found a shattered altar of Ashenzari.
  2773 | D:3      | Reached skill level 5 in Fighting
  3086 | D:4      | Reached XP level 6. HP: 33/40 MP: 6/6
  3194 | D:4      | Found Hinoleant's Distillery.
  3249 | D:4      | Bought a potion of heal wounds for 50 gold pieces
  3249 | D:4      | Bought a potion of heal wounds for 50 gold pieces
  3513 | D:4      | Found a blossoming altar of Fedhas.
  3794 | D:5      | Entered Level 5 of the Dungeon
  3849 | D:5      | Reached skill level 6 in Fighting
  3849 | D:5      | Reached XP level 7. HP: 46/46 MP: 7/7
  3894 | D:5      | Killed from afar by an orc priest

Action                   |  1- 3 |  4- 6 |  7- 9 || total
-------------------------+-------+-------+-------++-------
Melee: Flail             |   123 |   152 |       ||   275
       Morningstar       |       |    98 |    18 ||   116
  Eat: Chunk             |     1 |     9 |       ||    10
